[ AOE2 MATCH · #506385400 ]
UnrankedTeutons vs Chinese
Player's team · WIN
Rival team · LOSS
[ REPLAY ANALYSIS · EXTRACTED FROM THE RECORDED GAME ]
Feudal
8:51
Castle
25:07
Imperial
43:24
| APM avg | 47.9 |
| APM peak | 74 |
| eAPM avg | 27.1 |
| Villagers / military | 180 / 107 |
Focus
⚔️ 37.3% · 🌾 62.7%
Knight ×83 · Spearman ×9 · Monk ×8 · Trebuchet (Packed) ×4 · Battering Ram ×3
Feudal
9:12
Castle
22:18
Imperial
43:04
| APM avg | 72.1 |
| APM peak | 112 |
| eAPM avg | 35.8 |
| Villagers / military | 183 / 141 |
Focus
⚔️ 37.1% · 🌾 62.9%
Fire Lancer ×73 · Chu Ko Nu ×27 · Knight ×26 · Trebuchet (Packed) ×6 · Monk ×5 · Battering Ram ×3
Match map
Initial resources + every placement click. Lines = walls · curves = elevation contours. ◆ gold · ⬟ stone · ● berries · ✦ relic · ◌ wall gap
Your base· Open — unwalled flank
CNZS_MING's base· Open — unwalled flank
Smoothed initial terrain · ◌ = detected wall gap · hover for details
Inputs per minute
— CNZS_98T - - CNZS_MING
Build order — CNZS_98T
First 150 of 555 actions detected
| 0:01 | Create | Villager (Male) |
| 0:01 | Create | Villager (Male) |
| 0:01 | Create | Villager (Male) |
| 0:02 | Create | Villager (Male) |
| 0:03 | Build | House |
| 0:05 | Build | House |
| 1:25 | Create | Villager (Male) |
| 1:55 | Create | Villager (Male) |
| 2:03 | Build | Lumber Camp |
| 2:17 | Create | Villager (Male) |
| 2:51 | Create | Villager (Male) |
| 3:13 | Create | Villager (Male) |
| 3:36 | Build | House |
| 3:39 | Create | Villager (Male) |
| 3:46 | Create | Villager (Male) |
| 4:04 | Create | Villager (Male) |
| 4:04 | Create | Villager (Male) |
| 4:46 | Create | Villager (Male) |
| 4:48 | Build | Mill |
| 5:11 | Create | Villager (Male) |
| 5:29 | Create | Villager (Male) |
| 5:56 | Research | Loom |
| 6:30 | Research | Feudal Age |
| 6:55 | Build | Mining Camp |
| 8:02 | Create | Villager (Male) |
| 8:06 | Build | House |
| 8:51 | Age | Feudal Age |
| 8:56 | Build | Watch Tower |
| 9:00 | Build | Palisade Wall |
| 9:02 | Build | Palisade Wall |
| 9:03 | Build | Palisade Wall |
| 9:05 | Build | Palisade Wall |
| 9:07 | Build | Watch Tower |
| 9:10 | Build | Palisade Wall |
| 9:11 | Create | Villager (Male) |
| 9:11 | Create | Villager (Male) |
| 9:12 | Build | Palisade Wall |
| 9:14 | Build | Palisade Wall |
| 9:15 | Build | Palisade Wall |
| 9:16 | Build | Palisade Wall |
| 9:18 | Build | Palisade Wall |
| 9:19 | Build | Palisade Wall |
| 9:28 | Build | Palisade Wall |
| 9:28 | Build | Palisade Wall |
| 9:31 | Build | Palisade Wall |
| 9:32 | Build | Palisade Wall |
| 9:36 | Create | Villager (Male) |
| 9:40 | Research | Double-Bit Axe |
| 9:56 | Create | Villager (Male) |
| 10:26 | Build | Palisade Wall |
| 10:27 | Build | Palisade Wall |
| 10:42 | Create | Villager (Male) |
| 10:46 | Build | House |
| 11:07 | Create | Villager (Male) |
| 11:17 | Build | Mill |
| 11:28 | Build | House |
| 11:51 | Build | Watch Tower |
| 11:55 | Create | Villager (Male) |
| 12:00 | Build | Palisade Wall |
| 12:01 | Build | Palisade Wall |
| 12:08 | Create | Villager (Male) |
| 12:22 | Build | Watch Tower |
| 12:25 | Build | Palisade Wall |
| 12:27 | Build | Palisade Wall |
| 12:29 | Build | Palisade Wall |
| 12:30 | Build | Palisade Wall |
| 12:31 | Build | Palisade Wall |
| 12:32 | Build | Palisade Wall |
| 12:34 | Create | Villager (Male) |
| 12:38 | Build | Farm |
| 12:38 | Build | Farm |
| 12:54 | Create | Villager (Male) |
| 13:00 | Build | Palisade Wall |
| 13:01 | Build | Palisade Wall |
| 13:01 | Build | Palisade Wall |
| 13:27 | Create | Villager (Male) |
| 13:35 | Build | Palisade Wall |
| 13:41 | Build | Farm |
| 13:43 | Build | Farm |
| 14:03 | Create | Villager (Male) |
| 14:09 | Build | House |
| 14:10 | Create | Villager (Male) |
| 14:36 | Create | Villager (Male) |
| 14:47 | Build | Farm |
| 15:21 | Create | Villager (Male) |
| 15:21 | Create | Villager (Male) |
| 15:39 | Create | Villager (Male) |
| 15:57 | Create | Villager (Male) |
| 16:00 | Build | Stone Wall |
| 16:02 | Build | Stone Wall |
| 16:09 | Create | Villager (Male) |
| 16:18 | Build | Farm |
| 16:19 | Build | Farm |
| 16:20 | Create | Villager (Male) |
| 16:21 | Build | Watch Tower |
| 16:25 | Research | Town Watch |
| 16:25 | Research | Town Watch |
| 16:31 | Create | Villager (Male) |
| 16:48 | Build | Blacksmith |
| 17:02 | Create | Villager (Male) |
| 17:24 | Build | Stone Wall |
| 17:25 | Build | Stone Wall |
| 17:27 | Build | Stone Wall |
| 17:34 | Research | Fletching |
| 17:35 | Create | Villager (Male) |
| 17:37 | Build | House |
| 17:48 | Build | Watch Tower |
| 17:49 | Create | Villager (Male) |
| 18:01 | Build | Watch Tower |
| 18:14 | Build | Mining Camp |
| 18:17 | Build | House |
| 18:19 | Build | House |
| 18:23 | Create | Villager (Male) |
| 18:32 | Build | Outpost |
| 18:52 | Build | House |
| 18:57 | Create | Villager (Male) |
| 19:02 | Build | Farm |
| 19:06 | Research | Horse Collar |
| 19:11 | Create | Villager (Male) |
| 19:13 | Build | Farm |
| 19:22 | Create | Villager (Male) |
| 19:27 | Build | Watch Tower |
| 19:37 | Build | Palisade Wall |
| 19:40 | Build | Farm |
| 20:01 | Create | Villager (Male) |
| 20:09 | Create | Villager (Male) |
| 20:18 | Build | Market |
| 20:36 | Create | Villager (Male) |
| 20:44 | Build | Farm |
| 21:17 | Build | Watch Tower |
| 21:21 | Create | Villager (Male) |
| 21:31 | Build | Farm |
| 21:32 | Build | Farm |
| 21:57 | Build | Farm |
| 21:58 | Create | Villager (Male) |
| 22:03 | Build | Farm |
| 22:06 | Build | Farm |
| 22:09 | Build | Farm |
| 22:12 | Build | Lumber Camp |
| 22:27 | Research | Castle Age |
| 23:00 | Research | Gold Mining |
| 23:28 | Build | Barracks |
| 24:20 | Create | Spearman |
| 24:32 | Create | Spearman |
| 25:07 | Age | Castle Age |
| 25:10 | Create | Villager (Male) |
| 25:11 | Research | Bodkin Arrow |
| 25:12 | Create | Villager (Male) |
| 25:14 | Build | University |
| 25:14 | Create | Villager (Male) |
Build order — CNZS_MING
First 150 of 519 actions detected
| 0:06 | Research | Loom |
| 0:42 | Create | Villager (Male) |
| 1:08 | Create | Villager (Male) |
| 1:36 | Create | Villager (Male) |
| 2:00 | Create | Villager (Male) |
| 2:21 | Create | Villager (Male) |
| 2:36 | Build | Lumber Camp |
| 2:46 | Create | Villager (Male) |
| 2:49 | Create | Villager (Male) |
| 2:57 | Build | House |
| 3:12 | Create | Villager (Male) |
| 3:42 | Create | Villager (Male) |
| 4:08 | Create | Villager (Male) |
| 4:10 | Create | Villager (Male) |
| 4:10 | Create | Villager (Male) |
| 4:17 | Build | House |
| 4:39 | Create | Villager (Male) |
| 4:56 | Create | Villager (Male) |
| 4:59 | Create | Villager (Male) |
| 5:14 | Build | Mill |
| 6:05 | Build | Mill |
| 7:02 | Research | Feudal Age |
| 7:34 | Build | Palisade Wall |
| 7:35 | Build | Palisade Wall |
| 7:55 | Build | Barracks |
| 8:19 | Build | House |
| 8:32 | Build | Palisade Gate |
| 8:50 | Create | Villager (Male) |
| 9:12 | Age | Feudal Age |
| 9:18 | Research | Double-Bit Axe |
| 9:19 | Research | Horse Collar |
| 9:19 | Research | Horse Collar |
| 9:24 | Create | Villager (Male) |
| 9:29 | Build | Palisade Wall |
| 9:30 | Build | Palisade Wall |
| 9:36 | Build | Farm |
| 9:37 | Build | Farm |
| 9:38 | Create | Villager (Male) |
| 9:49 | Build | Palisade Wall |
| 9:52 | Create | Villager (Male) |
| 10:09 | Build | Farm |
| 10:19 | Create | Villager (Male) |
| 10:23 | Build | Farm |
| 10:32 | Create | Villager (Male) |
| 10:34 | Build | House |
| 10:47 | Create | Villager (Male) |
| 11:00 | Create | Villager (Male) |
| 11:16 | Build | Farm |
| 11:18 | Create | Villager (Male) |
| 11:19 | Build | Palisade Wall |
| 11:31 | Build | Farm |
| 11:33 | Build | Farm |
| 11:39 | Research | Town Watch |
| 11:45 | Create | Villager (Male) |
| 11:54 | Build | Palisade Wall |
| 12:01 | Create | Villager (Male) |
| 12:07 | Build | Palisade Wall |
| 12:24 | Create | Villager (Male) |
| 12:37 | Build | Watch Tower |
| 12:45 | Build | Farm |
| 12:46 | Build | Farm |
| 12:47 | Create | Villager (Male) |
| 12:50 | Build | Mining Camp |
| 13:05 | Build | House |
| 13:08 | Build | Palisade Wall |
| 13:14 | Build | Farm |
| 13:30 | Build | House |
| 13:39 | Create | Villager (Male) |
| 14:06 | Build | Farm |
| 14:06 | Build | Farm |
| 14:10 | Create | Villager (Male) |
| 14:36 | Build | Farm |
| 14:38 | Create | Villager (Male) |
| 14:51 | Create | Villager (Male) |
| 15:03 | Create | Villager (Male) |
| 15:12 | Build | House |
| 15:17 | Create | Villager (Male) |
| 15:33 | Create | Villager (Male) |
| 15:36 | Build | Palisade Wall |
| 15:45 | Create | Villager (Male) |
| 16:00 | Build | Mining Camp |
| 16:16 | Build | Lumber Camp |
| 16:20 | Create | Villager (Male) |
| 16:30 | Create | Villager (Male) |
| 17:02 | Create | Villager (Male) |
| 17:20 | Create | Villager (Male) |
| 17:24 | Build | Mining Camp |
| 17:38 | Create | Villager (Male) |
| 18:09 | Create | Villager (Male) |
| 18:22 | Build | Blacksmith |
| 18:30 | Create | Villager (Male) |
| 18:41 | Build | Stable |
| 19:00 | Build | Watch Tower |
| 19:02 | Create | Villager (Male) |
| 19:28 | Build | Farm |
| 19:29 | Research | Castle Age |
| 19:30 | Research | Castle Age |
| 19:45 | Build | House |
| 20:03 | Build | Stable |
| 20:31 | Build | Watch Tower |
| 20:46 | Research | Scale Barding Armor |
| 20:47 | Create | Villager (Male) |
| 21:07 | Create | Villager (Male) |
| 21:24 | Research | Scale Barding Armor |
| 21:27 | Build | Farm |
| 21:35 | Build | Mining Camp |
| 21:36 | Create | Villager (Male) |
| 22:18 | Age | Castle Age |
| 22:20 | Build | Siege Workshop |
| 22:21 | Create | Knight |
| 22:21 | Create | Knight |
| 22:41 | Research | Bloodlines |
| 22:41 | Research | Bloodlines |
| 22:44 | Build | Farm |
| 22:44 | Create | Villager (Male) |
| 22:48 | Research | Husbandry |
| 22:49 | Create | Knight |
| 22:54 | Create | Battering Ram |
| 22:57 | Build | Farm |
| 22:57 | Build | Farm |
| 22:58 | Create | Villager (Male) |
| 23:21 | Create | Knight |
| 23:23 | Create | Villager (Male) |
| 23:23 | Create | Villager (Male) |
| 23:38 | Create | Villager (Male) |
| 23:39 | Build | Monastery |
| 23:55 | Create | Knight |
| 24:04 | Create | Knight |
| 24:05 | Create | Villager (Male) |
| 24:32 | Create | Knight |
| 24:36 | Create | Villager (Male) |
| 24:37 | Build | Farm |
| 24:45 | Create | Monk |
| 25:02 | Build | House |
| 25:03 | Create | Battering Ram |
| 25:05 | Create | Villager (Male) |
| 25:07 | Build | House |
| 25:08 | Build | House |
| 25:09 | Build | House |
| 25:21 | Research | Wheelbarrow |
| 25:24 | Build | House |
| 25:25 | Build | House |
| 25:36 | Create | Knight |
| 25:46 | Create | Monk |
| 25:51 | Build | Farm |
| 25:52 | Build | Farm |
| 25:59 | Build | Palisade Wall |
| 26:00 | Build | Palisade Wall |
| 26:00 | Build | Palisade Wall |
| 26:02 | Build | Palisade Wall |
Match timeline
| 7:34 | CNZS_MING · wall_segment Palisade Wall x1 |
| 7:35 | CNZS_MING · wall_segment Palisade Wall x1 |
| 7:55 | CNZS_MING · first_building Barracks |
| 8:51 | CNZS_98T · age_up feudal |
| 9:00 | CNZS_98T · wall_segment Palisade Wall x1 |
| 9:02 | CNZS_98T · wall_segment Palisade Wall x1 |
| 9:03 | CNZS_98T · wall_segment Palisade Wall x1 |
| 9:05 | CNZS_98T · wall_segment Palisade Wall x1 |
| 9:10 | CNZS_98T · wall_segment Palisade Wall x1 |
| 9:12 | CNZS_MING · age_up feudal |
| 9:12 | CNZS_98T · wall_segment Palisade Wall x1 |
| 9:14 | CNZS_98T · wall_segment Palisade Wall x1 |
| 9:15 | CNZS_98T · wall_segment Palisade Wall x1 |
| 9:16 | CNZS_98T · wall_segment Palisade Wall x1 |
| 9:18 | CNZS_98T · wall_segment Palisade Wall x1 |
| 9:19 | CNZS_98T · wall_segment Palisade Wall x1 |
| 9:28 | CNZS_98T · wall_segment Palisade Wall x1 |
| 9:28 | CNZS_98T · wall_segment Palisade Wall x1 |
| 9:29 | CNZS_MING · wall_segment Palisade Wall x1 |
| 9:30 | CNZS_MING · wall_segment Palisade Wall x1 |
| 9:31 | CNZS_98T · wall_segment Palisade Wall x1 |
| 9:32 | CNZS_98T · wall_segment Palisade Wall x1 |
| 9:49 | CNZS_MING · wall_segment Palisade Wall x16 |
| 10:26 | CNZS_98T · wall_segment Palisade Wall x1 |
| 10:27 | CNZS_98T · wall_segment Palisade Wall x1 |
| 11:19 | CNZS_MING · wall_segment Palisade Wall x1 |
| 11:54 | CNZS_MING · wall_segment Palisade Wall x1 |
| 12:00 | CNZS_98T · wall_segment Palisade Wall x1 |
| 12:01 | CNZS_98T · wall_segment Palisade Wall x1 |
| 12:07 | CNZS_MING · wall_segment Palisade Wall x1 |
| 12:25 | CNZS_98T · wall_segment Palisade Wall x1 |
| 12:27 | CNZS_98T · wall_segment Palisade Wall x1 |
| 12:29 | CNZS_98T · wall_segment Palisade Wall x1 |
| 12:30 | CNZS_98T · wall_segment Palisade Wall x1 |
| 12:31 | CNZS_98T · wall_segment Palisade Wall x1 |
| 12:32 | CNZS_98T · wall_segment Palisade Wall x1 |
| 13:00 | CNZS_98T · wall_segment Palisade Wall x1 |
| 13:01 | CNZS_98T · wall_segment Palisade Wall x1 |
| 13:01 | CNZS_98T · wall_segment Palisade Wall x1 |
| 13:08 | CNZS_MING · wall_segment Palisade Wall x6 |
| 13:35 | CNZS_98T · wall_segment Palisade Wall x1 |
| 15:36 | CNZS_MING · wall_segment Palisade Wall x8 |
| 16:00 | CNZS_98T · wall_segment Stone Wall x1 |
| 16:02 | CNZS_98T · wall_segment Stone Wall x1 |
| 17:24 | CNZS_98T · wall_segment Stone Wall x1 |
| 17:25 | CNZS_98T · wall_segment Stone Wall x1 |
| 17:27 | CNZS_98T · wall_segment Stone Wall x1 |
| 18:41 | CNZS_MING · first_building Stable |
| 19:37 | CNZS_98T · wall_segment Palisade Wall x1 |
| 22:18 | CNZS_MING · age_up castle |
| 22:20 | CNZS_MING · first_building Siege Workshop |
| 22:25 | CNZS_98T · first_market_buy 100 food |
| 23:28 | CNZS_98T · first_building Barracks |
| 23:39 | CNZS_MING · first_building Monastery |
| 25:07 | CNZS_98T · age_up castle |
| 25:59 | CNZS_MING · wall_segment Palisade Wall x1 |
| 25:59 | CNZS_98T · first_building Monastery |
| 26:00 | CNZS_MING · wall_segment Palisade Wall x1 |
| 26:00 | CNZS_MING · wall_segment Palisade Wall x1 |
| 26:02 | CNZS_MING · wall_segment Palisade Wall x1 |
| 26:02 | CNZS_MING · wall_segment Palisade Wall x1 |
| 26:03 | CNZS_MING · wall_segment Palisade Wall x1 |
| 26:04 | CNZS_MING · wall_segment Palisade Wall x1 |
| 27:24 | CNZS_98T · wall_segment Stone Wall x1 |
| 27:25 | CNZS_98T · wall_segment Stone Wall x1 |
| 27:30 | CNZS_98T · wall_segment Stone Wall x1 |
| 27:32 | CNZS_98T · wall_segment Stone Wall x1 |
| 27:33 | CNZS_98T · wall_segment Stone Wall x1 |
| 28:42 | CNZS_98T · wall_segment Stone Wall x1 |
| 29:31 | CNZS_98T · first_building Stable |
| 29:43 | CNZS_98T · wall_segment Stone Wall x1 |
| 29:47 | CNZS_98T · wall_segment Stone Wall x1 |
| 29:49 | CNZS_98T · wall_segment Stone Wall x1 |
| 30:04 | CNZS_98T · wall_segment Stone Wall x1 |
| 30:06 | CNZS_98T · wall_segment Stone Wall x1 |
| 30:38 | CNZS_98T · wall_segment Stone Wall x1 |
| 32:27 | CNZS_MING · wall_segment Palisade Wall x1 |
| 32:29 | CNZS_MING · wall_segment Palisade Wall x1 |
| 32:29 | CNZS_MING · wall_segment Palisade Wall x1 |
| 36:09 | CNZS_MING · first_building Castle |
| 37:34 | CNZS_98T · wall_segment Stone Wall x1 |
| 37:35 | CNZS_98T · wall_segment Stone Wall x1 |
| 37:36 | CNZS_98T · wall_segment Stone Wall x1 |
| 38:06 | CNZS_MING · wall_segment Palisade Wall x1 |
| 38:42 | CNZS_98T · first_building Castle |
| 39:26 | CNZS_MING · first_market_buy 500 food |
| 39:27 | CNZS_MING · first_market_sell 500 wood |
| 40:02 | CNZS_98T · first_building Siege Workshop |
| 40:10 | CNZS_98T · first_market_sell 100 wood |
| 41:18 | CNZS_MING · wall_segment Palisade Wall x2 |
| 41:18 | CNZS_MING · wall_segment Palisade Wall x1 |
| 43:01 | CNZS_MING · wall_segment Stone Wall x7 |
| 43:04 | CNZS_MING · age_up imperial |
| 43:24 | CNZS_98T · age_up imperial |
| 43:44 | CNZS_MING · wall_segment Stone Wall x1 |
| 43:48 | CNZS_MING · wall_segment Stone Wall x1 |
| 43:48 | CNZS_MING · wall_segment Stone Wall x1 |
| 43:49 | CNZS_MING · wall_segment Stone Wall x1 |
| 43:51 | CNZS_98T · wall_segment Stone Wall x1 |
| 43:52 | CNZS_98T · wall_segment Stone Wall x1 |
| 43:53 | CNZS_98T · wall_segment Stone Wall x1 |
| 44:12 | CNZS_MING · wall_segment Stone Wall x1 |
| 44:19 | CNZS_MING · wall_segment Stone Wall x1 |
| 46:55 | CNZS_MING · wall_segment Stone Wall x1 |
| 47:22 | CNZS_MING · wall_segment Stone Wall x1 |
| 47:47 | CNZS_MING · wall_segment Stone Wall x2 |
| 48:13 | CNZS_MING · wall_segment Stone Wall x3 |
| 49:29 | CNZS_MING · resign |
[ AI ANALYSIS · 1 CREDIT ]
What really happened in this match?
Wolo.gg analyzes every decision: build order, eco, micro, common mistakes by bracket. Personalized analysis on WhatsApp or Discord in 30 seconds.
Civ guide
Teutons
Perfil
Jugador #25365699